 Dungeon Crawl Stone Soup version 0.16-a0-3706-g5dff784 (webtiles) character file.

34290 BluebellGnoll the Cleaver (level 13, 0/118 HPs)
             Began as a Deep Dwarf Necromancer on Jan 18, 2015.
             Was the Champion of Makhleb.
             Slain by a komodo dragon (24 damage)
             ... on level 8 of the Lair of Beasts on Jan 19, 2015.
             The game lasted 02:21:01 (19876 turns).

BluebellGnoll the Cleaver (Deep Dwarf Necromancer) Turns: 19876, Time: 02:21:01

Health: 0/118      AC: 14    Str: 13    XL:     13   Next: 41%
Magic:  15/26      EV: 14    Int: 20    God:    Makhleb [******]
Gold:   1017       SH:  0    Dex: 13    Spells: 4 memorised, 12 levels left

rFire  + . .     SeeInvis .     S - +3 war axe (chop)
rCold  + . .     Clarity  .     j - +5 ring mail "Stecuir" {rC+ MR+}
rNeg   . . .     SustAb   .     (no shield)
rPois  .         Gourm    .     (no helmet)
rElec  .         Spirit   .     d - +1 cloak {MR+}
rCorr  .         Warding  .     m - +1 pair of gloves
rMut   .         Stasis   .     (no boots)
MR     +++..                    (no amulet)
Stlth  ++........               f - ring of wizardry
                                K - ring of protection from fire

@: non-regenerating, extremely resistant to hostile enchantments, unstealthy
A: damage resistance, recharge devices, sense surroundings 2, slow healing 3
a: Device Recharging, Minor Destruction, Lesser Servant of Makhleb, Major
Destruction, Greater Servant of Makhleb, Renounce Religion


You were on level 8 of the Lair of Beasts.
You worshipped Makhleb.
Makhleb was exalted by your worship.
You were not hungry.

You visited 3 branches of the dungeon, and saw 20 of its levels.
You also visited: Ice Cave.

You collected 1240 gold pieces.
You spent 223 gold pieces at shops.

Inventory:

Hand weapons
 r - a +1 vampiric war axe
 G - the +8 hunting sling of Inconvenience {flame, -Tele rElec rF+ MP+9 Int-2 Dex+4}
   (You found it on level 5 of the Dungeon)

   It turns projectiles fired from it into bolts of flame.
   It affects your intelligence (-2).
   It affects your dexterity (+4).
   It protects you from fire.
   It insulates you from electricity.
   It affects your magic capacity (+9).
   It prevents most forms of teleportation.
 S - a +3 war axe of chopping (weapon)
Missiles
 h - 223 stones
 k - 8 javelins (quivered)
 J - a throwing net
 Y - 22 steel sling bullets
Armour
 d - a +1 cloak of magic resistance (worn)
 j - the +5 ring mail "Stecuir" (worn) {rC+ MR+}
   (You found it on level 4 of the Dungeon)

   It protects you from cold.
   It affects your resistance to hostile enchantments.
 m - a +1 pair of gloves (worn)
Jewellery
 f - a ring of wizardry (right hand)
 s - an uncursed ring of protection from cold
 A - an uncursed ring of protection from magic
 D - an uncursed ring of teleportation
 I - an uncursed ring of positive energy
 K - a ring of protection from fire (left hand)
 Q - an uncursed ring of protection from fire
Magical devices
 c - a wand of heal wounds (4)
 g - a wand of polymorph (17)
 p - a wand of confusion (21)
 y - a wand of fire (11)
 C - a wand of digging (14)
 E - a wand of paralysis (14)
 H - a wand of random effects (28)
 N - a wand of lightning (3)
 V - a wand of confusion (31)
 X - a wand of cold (8)
Scrolls
 e - 4 scrolls of teleportation
 l - a scroll of acquirement {unknown}
 o - 2 scrolls of identify
 F - 4 scrolls of remove curse
 M - 2 scrolls of fog
 O - 2 scrolls of immolation
 U - a scroll of fear
Potions
 b - a potion of flight
 n - 7 potions of heal wounds
 t - 8 potions of curing
 v - 3 potions of ambrosia
 z - 2 potions of brilliance
 L - 2 potions of haste
Comestibles
 a - 2 fruits
 i - a beef jerky
 u - 12 meat rations


   Skills:
 - Level 8.5 Fighting
 + Level 14.8 Axes
 - Level 8.6 Dodging
 - Level 2.4 Stealth
 - Level 6.0 Spellcasting
 - Level 5.4 Necromancy
 - Level 11.8 Invocations
 - Level 11.1 Evocations


You had 12 spell levels left.
You knew the following spells:

 Your Spells              Type           Power        Failure   Level  Hunger
a - Pain                  Necr           ####         1%          1    None
b - Vampiric Draining     Necr           ####......   4%          3    ##.....
c - Animate Dead          Necr           N/A          12%         4    ####...
d - Control Undead        Necr           ####......   12%         4    ####...


Dungeon Overview and Level Annotations

Branches:
Dungeon (11/15)            Temple (1/1) D:6            Lair (8/8) D:11
  Swamp (0/5) Lair:6       Spider (0/5) Lair:4        Slime (0/6) Lair:6
    Orc (0/4) D:9

Altars:
Ashenzari
Cheibriados
Dithmenos
Fedhas
Makhleb
Qazlal
Ru
Sif Muna
Trog
Vehumet
Zin

Shops:
D:10 (

Annotations:
D:3 Grinder
D:9 exclusion: oklob plant


Innate Abilities, Weirdness & Mutations

You are resistant to damage.
You can recharge devices by infusing magical energy.
You passively map the area around you.
You do not heal naturally.


Message History

You throw a javelin.
The javelin completely misses the spiny frog.
You swap places.
Your water moccasin zombie barely misses the spiny frog.
A komodo dragon comes into view.
The spiny frog stings your water moccasin zombie!!
Your water moccasin zombie is destroyed!
That felt strangely unrewarding.
The komodo dragon bites you! The spiny frog closely misses you.
You hit the komodo dragon.
The komodo dragon is lightly wounded.
You slash the spiny frog!
The spiny frog is moderately wounded.
The komodo dragon bites you!
* * * LOW HITPOINT WARNING * * *
You are too injured to fight recklessly!
You barely miss the komodo dragon.
The komodo dragon is lightly wounded.
The komodo dragon bites you!!
You die...

, ⌠, ,,
#..⌠.#.......### ,,,
, #.(...#.....## , ,
,, . +..⌠.⌠#......#
, ,.#.
#...........##
#...##.⌠.##.....#
#...###.##.......# .
, #.............# ,,
.....#.............#
, ,
#......@.........##
,
...#...l.ZZ.......#
, #......F........ *
*#................#
........P......$ * ,
* ...#.###..... * ,
P.##* #..., ** * ..
, * , , *


You could see a komodo dragon, a spiny frog (confused), a friendly black mamba
zombie and a friendly spiny frog zombie.

Vanquished Creatures
  Harold (Lair:7)
  2 hydras
  3 ice statues (IceCv)
  10 elephants
  A black mamba (Lair:8)
  10 spiny frogs
  A gargoyle (D:11)
  8 komodo dragons
  2 wandering mushrooms (D:9)
  3 fire drakes
  A troll (D:9)
  A polar bear (Lair:7)
  2 basilisks
  6 blink frogs
  2 slime creatures (Lair:6)
  20 yaks
  Eustachio (D:5)
  2 wyverns
  9 hippogriffs
  2 vampire mosquitoes (D:10)
  3 wolves
  6 insubstantial wisps (Lair:6)
  7 water moccasins
  2 orc warriors
  7 porcupines
  A sky beast (D:8)
  A spiny frog zombie (Lair:1)
  A phantom (D:4)
  A black bear (D:9)
  14 ice beasts
  5 ogres
  11 crocodiles
  A boring beetle (Lair:6)
  8 centaurs
  An eye of draining (D:10)
  8 giant frogs
  Blork the orc (D:9)
  2 water moccasin zombies (Lair:8)
  5 scorpions
  A water moccasin skeleton (D:10)
  8 killer bees
  10 wights
  9 hounds
  A jelly (Lair:6)
  A giant frog skeleton (D:4)
  A giant frog zombie (D:9)
  Crazy Yiuf (D:4)
  A centaur skeleton (D:9)
  3 orc priests
  3 crimson imps
  7 iguanas
  4 orc wizards
  6 worker ants
  A killer bee zombie (D:9)
  6 sheep (Lair:6)
  Terence (D:2)
  4 hound skeletons
  6 gnolls
  50 river rats
  18 adders
  A shadow imp (D:5)
  2 giant mites
  9 white imps (Lair:4)
  6 worms
  An adder zombie (D:5)
  2 adder skeletons
  5 giant geckos
  21 orcs
  11 bats
  A bat skeleton (D:5)
  7 giant cockroaches
  11 goblins
  17 hobgoblins
  11 jackals
  13 quokkas
  A ball python (D:3)
  A giant cockroach zombie (D:6)
  2 giant newts
  3 giant spores
  A jackal skeleton (D:4)
  A jackal zombie (D:6)
  12 kobolds
  A quokka zombie (D:10)
  14 rats
  3 ballistomycetes
  A fungus (Lair:1)
  3 plants
475 creatures vanquished.

Vanquished Creatures (collateral kills)
  A dire elephant (Lair:8)
  A hydra (Lair:3)
  An orb spider (Lair:4)
  A centaur zombie (D:11)
  A spiny frog (Lair:4)
  2 elephants (Lair:7)
  A yaktaur (D:11)
  3 komodo dragons
  A slime creature (Lair:6)
  5 blink frogs
  A two-headed ogre (D:10)
  5 yaks
  A hungry ghost (D:11)
  A hippogriff (D:11)
  2 porcupines
  3 wolves
  2 water moccasins
  5 ice beasts
  2 centaurs (D:11)
  A necrophage (D:11)
  A crocodile (Lair:6)
  4 giant frogs
  4 wights
  2 electric eels (Lair:5)
  2 crimson imps
  An orc priest (D:11)
  A worker ant (D:11)
  2 iguanas
  A worker ant zombie (D:8)
  12 river rats
  An adder (Lair:7)
  3 white imps (Lair:4)
  4 orcs
  A hobgoblin (D:10)
  2 quokkas (Lair:3)
  A butterfly (Lair:1)
82 creatures vanquished.

Vanquished Creatures (others)
  A hellwing (D:11)
  A ynoxinul (IceCv)
  A yak (Lair:4)
  A spiny frog zombie (Lair:1)
  An elephant zombie (Lair:4)
  A vampire mosquito zombie (D:10)
  A komodo dragon zombie (D:11)
  3 water moccasin zombies
  2 hippogriff zombies
  A yak zombie (Lair:4)
  2 centaur zombies (D:11)
  A centaur skeleton (D:11)
  A killer bee zombie (D:8)
  A crocodile zombie (Lair:3)
  An ogre zombie (D:11)
  6 ufetubi (IceCv)
  A sheep zombie (Lair:6)
  An adder zombie (Lair:7)
  15 river rat zombies
  A giant gecko zombie (D:10)
  An orc skeleton (D:8)
  4 orc zombies
  2 plants (Lair:7)
50 creatures vanquished.

Grand Total: 607 creatures vanquished

Notes
Turn   | Place    | Note
--------------------------------------------------------------
     0 | D:1      | BluebellGnoll, the Deep Dwarf Necromancer, began the quest for the Orb.
     0 | D:1      | Reached XP level 1. HP: 15/15 MP: 2/2
     2 | D:1      | Noticed a vampire
     2 | D:1      | Noticed a human
     4 | D:1      | Noticed a demonspawn
     6 | D:1      | Noticed an elf
     6 | D:1      | Noticed a merfolk
     8 | D:1      | Noticed a troll
     8 | D:1      | Noticed a spriggan
    10 | D:1      | Noticed a gargoyle
    12 | D:1      | Noticed a minotaur
    12 | D:1      | Noticed a formicid
    14 | D:1      | Noticed a draconian
    14 | D:1      | Noticed a ghoul
    16 | D:1      | Noticed a vine stalker
    16 | D:1      | Noticed a centaur
    18 | D:1      | Noticed a tengu
    18 | D:1      | Noticed a dwarf
    20 | D:1      | Noticed an ogre
    20 | D:1      | Noticed an octopode
    22 | D:1      | Noticed a demigod
    22 | D:1      | Noticed a naga
    24 | D:1      | Noticed a felid
   441 | D:1      | Reached XP level 2. HP: 17/22 MP: 1/5
  1305 | D:2      | Reached XP level 3. HP: 20/28 MP: 1/7
  1618 | D:2      | Learned a level 3 spell: Vampiric Draining
  1813 | D:2      | Noticed Terence
  1993 | D:2      | Reached XP level 4. HP: 25/36 MP: 0/10
  2513 | D:2      | Killed Terence
  2970 | D:3      | Noticed Grinder
  2980 | D:3      | Paralysed by Grinder for 3 turns
  3218 | D:4      | Reached skill level 1 in Axes
  3230 | D:4      | Found a blossoming altar of Fedhas.
  3271 | D:4      | Noticed an ogre
  3299 | D:4      | Killed an ogre
  3299 | D:4      | Reached XP level 5. HP: 37/42 MP: 0/13
  3365 | D:4      | Noticed a phantom
  3411 | D:4      | Reached XP level 6. HP: 29/49 MP: 8/15
  3432 | D:4      | Upgraded the game from 0.16-a0-3684-g951c262 to 0.16-a0-3695-ga3e2ed8
  3478 | D:4      | Killed a phantom
  3478 | D:4      | Reached skill level 5 in Axes
  3657 | D:4      | Noticed an ogre
  3662 | D:4      | Killed an ogre
  3662 | D:4      | Reached skill level 6 in Axes
  3773 | D:4      | Found a glowing drain.
  3789 | D:4      | Reached XP level 7. HP: 41/55 MP: 5/17
  4012 | D:4      | Found a shadowy altar of Dithmenos.
  4013 | D:4      | Upgraded the game from 0.16-a0-3695-ga3e2ed8 to 0.16-a0-3699-g1c51eb1
  4168 | D:4      | Reached skill level 7 in Axes
  4266 | D:4      | Reached skill level 1 in Fighting
  4307 | D:4      | Got a spiked ring mail
  4319 | D:4      | Noticed Crazy Yiuf
  4332 | D:4      | Killed Crazy Yiuf
  4565 | D:5      | Entered Level 5 of the Dungeon
  4609 | D:5      | Identified the +5 ring mail "Stecuir" {rC+ MR+} (You found it on level 4 of the Dungeon)
  4628 | D:5      | Noticed Eustachio
  4656 | D:5      | Killed Eustachio
  4856 | D:5      | Got a twisted hunting sling
  4898 | D:5      | Learned a level 4 spell: Animate Dead
  5167 | D:5      | Reached XP level 8. HP: 58/69 MP: 6/17
  5485 | D:5      | Identified the +8 hunting sling of Inconvenience {flame, -Tele rElec rF+ MP+9 Int-2 Dex+4} (You found it on level 5 of the Dungeon)
  6070 | D:6      | Reached skill level 5 in Necromancy
  6075 | D:6      | Found a burning altar of Makhleb.
  6080 | D:6      | Became a worshipper of Makhleb the Destroyer
  6256 | D:6      | Reached skill level 5 in Spellcasting
  6403 | D:6      | Found a staircase to the Ecumenical Temple.
  6416 | Temple   | Entered the Ecumenical Temple
  6588 | D:6      | Found a sacrificial altar of Ru.
  6598 | D:6      | Found a glowing silver altar of Zin.
  6896 | D:7      | Acquired Makhleb's first power
  6956 | D:7      | Reached skill level 5 in Evocations
  7327 | D:7      | Learned a level 4 spell: Control Undead
  8137 | D:8      | Gained mutation: You passively map the area around you. [level up]
  8137 | D:8      | Reached XP level 9. HP: 63/75 MP: 3/21
  8138 | D:8      | Acquired Makhleb's second power
  8916 | D:9      | Noticed Blork the orc
  8933 | D:9      | Killed Blork the orc
  9283 | D:9      | Found a staircase to the Orcish Mines.
  9301 | D:9      | Reached skill level 5 in Dodging
  9301 | D:9      | Reached skill level 8 in Evocations
  9651 | D:9      | Found a blossoming altar of Fedhas.
  9653 | D:9      | Reached skill level 9 in Evocations
  9718 | D:9      | Noticed an oklob plant
  9718 | D:9      | a wandering mushroom changed into an oklob plant
  9827 | D:9      | Reached XP level 10. HP: 73/84 MP: 11/21
  9890 | D:10     | Entered Level 10 of the Dungeon
  9968 | D:10     | Found Asablaar's Weapon Emporium.
  9978 | D:10     | Acquired Makhleb's third power
  9999 | D:10     | Reached skill level 1 in Invocations
 10031 | D:10     | Bought a +2 war axe of chopping for 223 gold pieces
 10276 | D:10     | Reached skill level 5 in Invocations
 10838 | D:11     | Acquired Makhleb's fourth power
 10909 | D:11     | Noticed a four-headed hydra
 10910 | D:11     | Found a staircase to the Lair.
 11002 | D:11     | Reached skill level 10 in Evocations
 11326 | D:11     | Killed a four-headed hydra
 11326 | D:11     | Reached skill level 10 in Axes
 11326 | D:11     | Reached XP level 11. HP: 82/93 MP: 8/23
 12121 | Lair:1   | Entered Level 1 of the Lair of Beasts
 12507 | Lair:1   | Reached skill level 5 in Fighting
 13000 | Lair:1   | Reached skill level 11 in Axes
 13026 | Lair:1   | Acquired Makhleb's fifth power
 14687 | Lair:3   | Noticed a six-headed hydra
 14698 | Lair:3   | Killed a six-headed hydra
 14991 | Lair:4   | Reached XP level 12. HP: 112/112 MP: 20/24
 15064 | Lair:4   | Found a frozen archway.
 15095 | IceCv    | Entered an ice cave
 15698 | Lair:4   | Found a hole to the Spider Nest.
 15926 | Lair:4   | Reached skill level 10 in Invocations
 16408 | Lair:5   | Upgraded the game from 0.16-a0-3699-g1c51eb1 to 0.16-a0-3706-g5dff784
 16999 | Lair:5   | Reached skill level 12 in Axes
 17419 | Lair:6   | Found a staircase to the Slime Pits.
 17579 | Lair:6   | Found a staircase to the Swamp.
 17739 | Lair:6   | Noticed a five-headed hydra
 17751 | Lair:6   | Killed a five-headed hydra
 17751 | Lair:6   | Reached skill level 13 in Axes
 17751 | Lair:6   | Reached XP level 13. HP: 118/118 MP: 24/26
 18676 | Lair:7   | Noticed Harold
 18688 | Lair:7   | Killed Harold
 18882 | Lair:7   | Reached skill level 14 in Axes
 19497 | Lair:8   | Entered Level 8 of the Lair of Beasts
 19667 | Lair:8   | Noticed a dire elephant
 19719 | Lair:8   | Killed a dire elephant
 19876 | Lair:8   | Slain by a komodo dragon

Action                   |  1- 3 |  4- 6 |  7- 9 | 10-12 | 13-15 || total
-------------------------+-------+-------+-------+-------+-------++-------
Melee: Club              |     3 |       |       |       |       ||     3
       Whip              |    17 |     3 |       |       |       ||    20
       War axe           |       |    78 |   287 |   617 |   238 ||  1220
 Fire: Hunting sling     |       |       |    10 |   114 |       ||   124
Throw: Javelin           |     5 |    16 |    24 |    12 |     5 ||    62
       Stone             |       |     1 |       |       |       ||     1
 Cast: Pain              |    78 |    42 |   100 |   104 |    12 ||   336
       Vampiric Draining |       |    19 |    46 |    94 |    25 ||   184
       Animate Dead      |       |       |     4 |    30 |    12 ||    46
Invok: Lesser Servant of |       |       |       |     7 |       ||     7
       Minor Destruction |       |       |       |     1 |       ||     1
       Major Destruction |       |       |       |     1 |       ||     1
 Abil: Device Recharging |       |       |     2 |       |       ||     2
Evoke: Wand              |       |     1 |    25 |    54 |    10 ||    90
  Use: Scroll            |     7 |     4 |    10 |    16 |     2 ||    39
       Potion            |       |       |     1 |     5 |       ||     6
 Stab: Sleeping          |     3 |     2 |     2 |     1 |       ||     8
       Confused          |       |       |     5 |     7 |     5 ||    17
       Distracted        |       |       |       |     4 |     4 ||     8
  Eat: Chunk             |     3 |     8 |    21 |    34 |     8 ||    74
       Beef jerky        |       |       |     1 |       |       ||     1
       Fruit             |       |       |       |     1 |     2 ||     3
